cohdb
Replays
Latest Replays
All Replays
Popular Replays
Top Player Replays
Match Explorer
How It Works
Community
CoH3 Stats
Reddit
Sign in to upload your games and track your stats! →
Sign in with Steam
Match 42181963
Unlisted
Match 42181963
Overview
Messages
Build Orders
End
Construct Weapon Support Center
Selects Heavy Weapons
Selects Heavy Weapons
Engineer Squad
M1919 Machine Gun Team
Bazooka Squad
M1919 Machine Gun Team
Bazooka Squad
Selects M2HB .50cal Heavy Machine Gun
Mechanized Support Center
Construct Barracks
Riflemen Squad
Riflemen Squad
Riflemen Squad
Construct Medical Station
M1918 Browning Automatic Rifles
Grenade Package
Improved M9 Bazooka Rockets
Selects Rapid Reposition
Engineer Squad
Construct Tank Depot
Selects Bolstered Team Weapons
M4A1 Sherman Medium Tank
Gerald Bowmans
HeadTACO
SneaKerz
gb_gbg
KeineZeit
Dutnik
Arch3r
MAPE
0
0
Comments
sign in to comment!
No comments posted yet!